Map: Amygdala

Players

SpaceRat

  • Race: Zerg Zerg
  • League: Gold
  • Spawn Location: 1:00

TerMinal - Winner!

  • Race: Terran Terran
  • League: Platinum
  • Spawn Location: 7:00

VOD

Have the link to the VOD?

Description

Time

  • Played on: Nov. 27, 2024, 3:40 a.m.
  • Length: 6:10
Show
View Real Time Build Order
Export as new Build Order

SpaceRat Zerg 

Build Orders: Hatch First 

Get SALT Encoding   

  12  0:00  Drone  
  13  0:13  Overlord  
  13  0:19  Drone  
  14  0:32  Drone x2  
  17  0:35  Drone  
  17  0:52  Hatchery  
  17  0:54  Drone  
  17  1:01  Drone  
  18  1:12  Spawning Pool  
  18  1:14  Drone  
  18  1:18  Extractor  
  17  1:20  Drone  
  18  1:30  Overlord  
  18  1:40  Drone  
  19  1:51  Drone  
  20  1:58  Queen  
  22  2:04  Queen  
  22  2:05  Drone x2  
  26  2:17  Drone x2  
  28  2:25  Extractor  
  27  2:31  Overlord  
  27  2:32  Overlord  
  27  2:42  Drone x2  
  27  2:47  Drone x2  
  29  2:54  Lair  
  29  2:55  Drone  
  30  2:59  Queen  
  30  3:00  Drone  
  33  3:06  Drone  
  34  3:14  Drone  
  34  3:19  Drone x2  
  37  3:20  Overlord x2  
  37  3:21  Drone  
  38  3:27  Drone x2  
  38  3:29  Drone  
  38  3:32  Drone  
  42  3:41  Baneling Nest  
  41  3:44  Roach Warren  
  41  3:45  Drone x3  
  44  3:51  Drone x3  
  47  4:01  Drone x2  
  49  4:05  Hatchery  
  49  4:08  Drone x2  
  50  4:13  Extractor  
  50  4:14  Drone, Extractor  
  49  4:23  Drone  
  50  4:25  Drone x2  
  50  4:26  Glial Reconstitution  
  49  4:37  Zergling x10  
  54  4:45  Drone  
  55  4:51  Drone x2  
  57  4:55  Drone x2  
  59  5:07  Evolution Chamber  
  58  5:08  Evolution Chamber  
  58  5:12  Drone  
  58  5:13  Drone x2  
  52  5:28  Queen  
  52  5:30  Roach  
  52  5:31  Roach  
  55  5:37  Drone  
  55  5:38  Drone  
  57  5:49  Overlord x2  
  56  5:50  Drone x2  
Show
View Real Time Build Order
Export as new Build Order

TerMinal Terran - Winner!

Build Orders: Reaper Expand 

Get SALT Encoding   

  12  0:00  SCV  
  13  0:12  SCV  
  14  0:17  Supply Depot  
  14  0:24  SCV  
  15  0:39  SCV  
  15  0:40  Barracks  
  16  0:44  Refinery  
  16  0:51  SCV  
  17  1:03  SCV  
  18  1:15  SCV  
  19  1:27  Orbital Command  
  19  1:28  Reaper  
  20  1:41  Command Center  
  20  1:53  SCV  
  21  2:02  Marine  
  21  2:03  Factory  
  21  2:07  SCV  
  23  2:11  Refinery  
  23  2:28  Barracks Reactor  
  23  2:30  Supply Depot  
  23  2:52  SCV  
  23  2:56  Orbital Command  
  24  3:04  SCV  
  25  3:11  Command Center, Starport  
  25  3:18  Hellion x2  
  29  3:28  SCV x2  
  29  3:33  Barracks Tech Lab  
  31  3:41  Hellion x2  
  31  3:42  SCV x2  
  37  3:49  Starport Reactor  
  37  3:52  Armory  
  37  3:54  SCV x2  
  37  3:55  Marine  
  40  4:00  Supply Depot  
  40  4:03  Hellion  
  42  4:11  SCV x2  
  42  4:13  Hellion  
  46  4:18  Stimpack  
  46  4:21  Marine  
  47  4:25  Orbital Command  
  47  4:42  Marine  
  47  4:44  Medivac x2  
  52  4:52  SCV x3  
  55  4:55  Supply Depot  
  55  5:04  SCV  
  55  5:06  Barracks  
  56  5:08  Barracks  
  56  5:23  Hellbat x2  
  56  5:24  SCV x3, Factory  
  61  5:40  Marine  
Tags
 
Add a new tag
Caveats
  • Supply blocks, unpowered buildings, or Contaminate may cause inaccurate times.
  • Supply counts are checked every 10 seconds.